Map: Acropolis LE

Players

Sinitar

  • Race: Zerg Zerg
  • League: Diamond
  • Spawn Location: 11:00

Mez - Winner!

  • Race: Terran Terran
  • Spawn Location: 5:00

VOD

Have the link to the VOD?

Description

Time

  • Played on: July 27, 2019, 9:56 p.m.
  • Length: 10:03
Show
View Real Time Build Order
Export as new Build Order

Sinitar Zerg 

Build Orders: Hatch First 

Get SALT Encoding   

  12  0:01  Drone  
  13  0:13  Overlord  
  13  0:17  Drone  
  14  0:32  Drone  
  14  0:33  Drone  
  16  0:36  Drone  
  17  0:54  Hatchery  
  16  0:57  Drone  
  16  1:01  Drone  
  18  1:09  Extractor  
  17  1:16  Spawning Pool  
  16  1:19  Drone  
  16  1:24  Drone  
  18  1:31  Overlord  
  18  2:03  Queen  
  18  2:05  Zergling x6  
  18  2:06  Queen  
  18  2:08  Zergling x2  
  26  2:15  Metabolic Boost  
  25  2:38  Zergling x2  
  25  2:39  Zergling x4  
  25  2:42  Queen  
  30  2:45  Overlord  
  29  2:56  Drone x2  
  32  2:58  Drone x2  
  33  3:12  Drone x2  
  33  3:13  Drone  
  33  3:14  Drone x4  
  38  3:27  Overlord  
  37  3:40  Overlord x2  
  35  3:50  Baneling Nest  
  35  3:53  Evolution Chamber  
  33  3:56  Extractor  
  33  3:58  Zergling x2  
  33  3:59  Zergling x8  
  36  4:27  Zerg Melee Weapons Level 1  
  36  4:32  Drone x4  
  36  4:33  Overlord x2  
  36  4:38  Zergling x6  
  43  4:40  Baneling x3  
  43  4:44  Drone x3  
  46  4:48  Drone x2  
  48  4:55  Zergling x2  
  48  4:56  Zergling x2  
  50  5:00  Drone x3  
  53  5:08  Drone  
  53  5:10  Extractor  
  53  5:12  Overlord  
  53  5:17  Baneling x3  
  52  5:30  Lair  
  52  5:35  Drone x2  
  54  5:36  Overlord  
  54  5:49  Roach Warren  
  53  6:05  Zergling x6, Extractor  
  53  6:06  Zergling x8  
  50  6:20  Hatchery  
  50  6:21  Zergling x6  
  50  6:22  Zergling x8  
  56  6:32  Baneling x3  
  56  6:35  Glial Reconstitution  
  56  6:39  Zerg Ground Armor Level 1  
  55  6:42  Roach x7  
  69  6:52  Drone  
  69  6:53  Drone  
  71  7:03  Roach x2  
  71  7:04  Roach  
  77  7:17  Queen  
  79  7:33  Roach  
  79  7:34  Roach x11  
  91  7:45  Zergling x4  
  68  8:01  Roach x4  
  68  8:02  Roach x4  
  78  8:08  Queen  
  80  8:19  Queen  
  80  8:20  Overlord  
  80  8:21  Overlord  
  80  8:26  Zergling x2  
  81  8:27  Zergling x8  
  81  8:33  Overseer x2  
  81  8:49  Queen  
  81  8:54  Baneling x4  
  81  8:55  Ravager x5  
  86  8:56  Ravager  
  86  9:00  Zergling x2  
  86  9:01  Zergling x12  
  94  9:14  Queen  
  92  9:30  Baneling x2  
  92  9:32  Zergling x18  
Show
View Real Time Build Order
Export as new Build Order

Mez Terran - Winner!

Build Orders: Reaper Expand 

Get SALT Encoding   

  12  0:01  SCV  
  13  0:13  SCV  
  14  0:17  Supply Depot  
  14  0:25  SCV  
  15  0:38  SCV  
  15  0:41  Barracks  
  16  0:45  Refinery  
  16  0:51  SCV  
  17  1:03  SCV  
  18  1:15  SCV  
  19  1:29  Orbital Command  
  19  1:30  Reaper  
  20  1:43  Command Center  
  20  1:54  Barracks  
  20  1:57  SCV  
  21  2:02  Barracks Reactor  
  21  2:09  SCV  
  21  2:14  Barracks  
  22  2:22  Supply Depot  
  22  2:24  SCV  
  23  2:42  Barracks Tech Lab  
  23  2:43  SCV, Marine x2  
  26  2:55  SCV  
  27  3:01  Marine x2  
  29  3:11  SCV  
  29  3:12  Orbital Command  
  30  3:15  Combat Shield  
  30  3:17  Marine x2  
  30  3:18  Engineering Bay, Marine  
  33  3:32  SCV, Marine  
  35  3:35  Marine x2  
  35  3:38  SCV  
  38  3:44  SCV  
  39  3:49  Engineering Bay  
  39  3:50  SCV  
  39  3:53  Terran Infantry Weapons Level 1  
  40  3:56  SCV  
  40  4:01  Supply Depot  
  42  4:02  SCV  
  42  4:03  Marine x3  
  42  4:04  Marine  
  46  4:23  SCV x2  
  47  4:24  Command Center  
  47  4:26  Barracks Reactor  
  47  4:30  Marine x3, Supply Depot  
  50  4:35  Stimpack, SCV x2  
  52  4:45  Factory  
  52  4:49  SCV x2  
  54  4:54  Marine x2  
  54  4:57  Refinery x2  
  54  4:58  Marine  
  57  5:03  SCV x2  
  57  5:04  Marine x2  
  61  5:11  Marine  
  62  5:23  Barracks  
  62  5:24  Barracks  
  62  5:30  Starport, Factory Reactor  
  62  5:36  SCV x2, Marine x5  
  62  5:38  Orbital Command  
  69  5:48  SCV x2  
  71  5:54  Marine, Orbital Command  
  71  5:57  Marine x4  
  72  5:59  Terran Infantry Armor Level 1  
  76  6:11  Marine, Supply Depot  
  76  6:13  Supply Depot  
  76  6:14  Barracks Reactor x2, Supply Depot  
  76  6:16  Marine x4  
  73  6:20  SCV x2  
  75  6:27  SCV  
  75  6:31  Marine  
  77  6:32  Medivac x2  
  77  6:33  SCV x2, Marine  
  84  6:42  Marine x3  
  84  6:43  SCV, Supply Depot  
  84  6:45  SCV x2, Supply Depot x2  
  90  6:47  Supply Depot  
  90  6:48  Armory  
  90  6:49  Engineering Bay  
  90  6:51  Marine x5  
  90  6:52  Marine  
  96  6:56  SCV  
  96  6:57  SCV  
  98  7:03  Medivac  
  98  7:04  Medivac  
  102  7:12  Supply Depot  
  102  7:15  Command Center  
  102  7:16  SCV  
  102  7:17  Supply Depot  
  102  7:21  Marine x5  
  108  7:23  Marine  
  108  7:24  Marine x2  
  111  7:37  Marine  
  104  7:38  Marine  
  104  7:39  Marine x2  
  102  7:52  Marine x5  
  102  7:53  Medivac x2  
  102  7:54  Marine  
  102  7:56  Marine x2  
  102  7:57  SCV x2  
  110  8:03  Barracks  
  110  8:04  Barracks  
  110  8:05  Barracks  
  101  8:08  Marine  
  101  8:09  SCV  
  101  8:10  SCV x2, Marine x3  
  108  8:16  Marine x4  
  111  8:26  Medivac x2  
  113  8:40  Marine  
  113  8:41  Marine x6  
  120  8:55  Barracks Tech Lab x2  
  115  8:56  Barracks Tech Lab  
  115  9:00  Command Center  
  115  9:02  Marine  
  115  9:03  Marine x8  
  115  9:08  Planetary Fortress  
  124  9:18  SCV x2  
  124  9:19  SCV  
  124  9:20  Marine  
  124  9:21  Marine x2  
  124  9:23  Marine x5, Marauder x4, Supply Depot  
  142  9:24  Supply Depot  
  142  9:26  Supply Depot  
  141  9:38  Marine x3  
  141  9:41  Marine x2  
Tags
 
Add a new tag
Caveats
  • Supply blocks, unpowered buildings, or Contaminate may cause inaccurate times.
  • Supply counts are checked every 10 seconds.